 Dungeon Crawl Stone Soup version 0.21.1-1-g345015f (webtiles) character file.

151 Iko the Skirmisher (level 5, -1/34 HPs)
             Began as a Gargoyle Chaos Knight on May 8, 2018.
             Slain by an ogre
             ... wielding a +0 giant club
              (18 damage)
             ... on level 5 of the Dungeon.
             The game lasted 00:04:16 (367 turns).

Iko the Skirmisher (Gargoyle Chaos Knight)           Turns: 367, Time: 00:04:17

Health: -1/34      AC: 12    Str: 21    XL:     5   Next: 33%
Magic:  5/5        EV: 11    Int: 17    God:    Xom [..*...]
Gold:   18         SH:  0    Dex: 10    Spells: 4/4 levels left

rFire    . . .     SeeInvis .   a - +0 falchion (chaos)
rCold    . . .     Gourm    .   (no shield)
rNeg     + . .     Faith    .   b - +2 leather armour
rPois    ∞         Spirit   .   d - +2 helmet
rElec    +         Reflect  .   (no cloak)
rCorr    .         Harm     .   (no gloves)
MR       .....                  (no boots)
Stlth    +.........             (no amulet)
HPRegen  0.11/turn              e - +5 ring of strength
MPRegen  0.09/turn              (no ring)

@: brilliant
A: negative energy resistance 1, electricity resistance, unbreathing,
petrification resistance, rot immunity, AC +4
a: Renounce Religion


You were on level 5 of the Dungeon.
You worshipped Xom.
You were a toy of Xom.
You were not hungry.

You visited 1 branch of the dungeon, and saw 5 of its levels.

You collected 18 gold pieces.

Inventory:

Hand Weapons
 a - a +0 falchion of chaos (weapon)
Armour
 b - a +2 leather armour (worn)
 d - a +2 helmet (worn)
Jewellery
 e - a +5 ring of strength (left hand)
Scrolls
 f - 2 scrolls of identify
Comestibles
 c - 4 rations


   Skills:
 + Level 4.6 Fighting
 + Level 4.0 Long Blades
 + Level 2.6 Armour
 + Level 1.2 Dodging
 + Level 1.0 Stealth


You had 4 spell levels left.
You didn't know any spells.

Dungeon Overview and Level Annotations

Branches:
Dungeon (5/15)
 Temple: D:4-7

Altars:
Fedhas

Annotations:
D:5 Iko's ghost, amateur FoFi


Innate Abilities, Weirdness & Mutations

You are resistant to torment.
Your stone body is resilient. (AC +4)
You are immune to poison.
You resist negative energy. (rN+)
You are resistant to electric shocks. (rElec)
You can survive without breathing.
You are immune to petrification.
You are immune to rotting.


Message History

The ogre hits you with a giant club.
Your rat bites the ogre.
You hit the ogre.
The ogre is moderately wounded.
The hound skeleton bites you but does no damage. x2
Your rat bites the ogre.
The ogre closely misses you.
You hit the ogre. You freeze the ogre.
The ogre is heavily wounded.
The hound skeleton bites you but does no damage.
Your rat bites the ogre.
You hit the ogre. You freeze the ogre.
The ogre is severely wounded.
The hound skeleton bites you but does no damage.
The ogre barely misses you.
Your rat bites the ogre.
Iko's ghost completely misses your rat. The hound skeleton closely misses you.
You hit the ogre.
The ogre is severely wounded.
The ogre hits you with a giant club!!
Ouch! That really hurt!
You die...
Xom bursts into laughter!

#.#..# #.#.W
#.... ##...##
..... #
#######.W###.####
.
.........rZ......
. #####..@O......
. #.......##[####
.## #.###.#.# ..#
#.#.# #.# #.#.#
..# #.#.# #.# #.#
#.#.# ..# #(#
#.#<# ..# #.# #.#


You could see an ogre, Iko's ghost, a hound skeleton and a friendly rat.

Vanquished Creatures
  A bullfrog skeleton (D:5)
  2 orc wizards (D:5)
  Jessica (D:2)
  A worker ant (D:4)
  An adder (D:2)
  3 orcs (D:5)
  A giant cockroach (D:2)
  2 hobgoblins (D:2)
  A bat (D:2)
  A frilled lizard (D:1)
  A kobold (D:3)
  3 rats
18 creatures vanquished.

Notes
Turn   | Place    | Note
-------+----------+-------------------------------------------
     0 | D:1      | Iko the Gargoyle Chaos Knight began the quest for the Orb.
     0 | D:1      | Reached XP level 1. HP: 14/14 MP: 1/1
    85 | D:2      | Noticed Jessica
    86 | D:2      | Found a blossoming altar of Fedhas.
    98 | D:2      | Reached XP level 2. HP: 14/20 MP: 2/2
    99 | D:2      | Killed Jessica
    99 | D:2      | Reached XP level 3. HP: 17/24 MP: 3/3
   190 | D:4      | XOM: harmless Erth miscast
   223 | D:4      | Reached skill level 1 in Dodging
   223 | D:4      | Reached XP level 4. HP: 29/29 MP: 4/4
   258 | D:5      | XOM: stealth player
   258 | D:5      | Entered Level 5 of the Dungeon
   294 | D:5      | XOM: butterfly on damage
   319 | D:5      | XOM: enchant monster (good)
   326 | D:5      | XOM: potion effect (brilliance)
   329 | D:5      | XOM: confuse monster(s)
   331 | D:5      | Reached XP level 5. HP: 26/34 MP: 5/5
   345 | D:5      | Reached skill level 1 in Stealth
   359 | D:5      | Noticed an ogre
   360 | D:5      | XOM: cast spell 'Summon Small Mammal'
   361 | D:5      | Noticed Iko's ghost (amateur FoFi)
   367 | D:5      | Slain by an ogre

Skill      XL: |  1  2  3  4  5 |
---------------+----------------+-----
Fighting       | 4 |  4.6
Long Blades    | 3 4 |  4.0
Dodging        | 1 |  1.2
Stealth        | 1 |  1.0
Armour         | |  2.6

Action                   |  1- 3 |  4- 6 || total
-------------------------+-------+-------++-------
Melee: Falchion          |    32 |    40 ||    72
  Use: Scroll            |     3 |       ||     3
 Stab: Paralysed         |       |     4 ||     4
Armor: Leather armour    |    14 |    27 ||    41
Dodge: Dodged            |    20 |    12 ||    32
       Rpst.: Falchion   |     5 |     2 ||     7
